 Dungeon Crawl Stone Soup version 0.30.1-4-g462c640d31 (webtiles) character file.

Game seed: 663565861921932019

168 Kurtz the Chopper (level 5, -4/32 HPs)
             Began as a Tengu Fighter on Sept 18, 2023.
             Killed from afar by a steam dragon (26 damage)
             ... with a ball of steam
             ... on level 4 of the Dungeon.
             The game lasted 00:01:45 (1827 turns).

Kurtz the Chopper (Tengu Fighter)                   Turns: 1827, Time: 00:01:46

Health: -4/32      AC:  8    Str: 19    XL:     5   Next: 49%
Magic:  6/6        EV: 10    Int:  8    God:
Gold:   100        SH:  4    Dex: 13    Spells: 4/4 levels left

rFire   . . .        a - +0 war axe
rCold   . . .        c - +0 buckler
rNeg    . . .        b - +0 scale mail
rPois   +            k - +0 hat
rElec   .            g - +0 cloak {rPois}
rCorr   .            (no gloves)
SInv    .            (boots unavailable)
Will    .....        (no amulet) Stlth
                     (no ring)
HPRegen 0.25/turn    (no ring)
MPRegen 0.10/turn

%: no passive effects
@: flying quickly and evasively, quick
A: beak, talons 3, nimble flight
a: no special abilities


You were on level 4 of the Dungeon.
You visited 1 branch of the dungeon, and saw 4 of its levels.

You collected 100 gold pieces.

Inventory:

Hand Weapons
 a - a +0 war axe (weapon)
Missiles
 j - 8 poisoned darts (quivered)
Armour
 b - a +0 scale mail (worn)
 c - a +0 buckler (worn)
 g - a +0 cloak of poison resistance (worn)
 k - a +0 hat (worn)
Scrolls
 e - a scroll of immolation {unknown}
 f - 2 scrolls of poison {unknown}
 i - 3 scrolls of identify {unknown}
 l - a scroll of fog {unknown}
 m - a scroll of magic mapping {unknown}
 p - a scroll of teleportation {unknown}
Potions
 d - a potion of might
 h - 3 potions of brilliance {unknown}
 n - 2 potions of magic {unknown}
 o - a potion of curing {unknown}
 q - a potion of haste {unknown}
 r - 2 potions of heal wounds {unknown}
 s - a potion of flight {unknown}
 t - a potion of lignification {unknown}
 u - a potion of mutation {unknown}


   Skills:
 - Level 3.0 Fighting
 * Level 6.1 Axes
 - Level 3.2 Armour
 - Level 3.0 Shields


You had 4 spell levels left.
You didn't know any spells.
Your spell library was empty.

Dungeon Overview and Level Annotations

Branches:
Dungeon (4/15)
 Temple: D:4-7

Altars:
Makhleb


Innate Abilities, Weirdness & Mutations

You have a beak for a mouth.
You have claws for feet.
Your magical nature lets you fly swiftly and evasively.


Message History

You barely miss the jackal. Your kick misses the jackal.
The jackal is severely wounded.
The jackal bites you but does no damage.
The jackal bites you.
You closely miss the jackal. You claw the jackal, but do no damage.
You peck the jackal.
You kill the jackal!
You slash the jackal!
You kill the jackal!
The jackal bites you but does no damage.
You slash the jackal!
You kill the jackal!
You block the jackal's attack.
You closely miss the jackal. The jackal closely misses you.
The jackal barely misses you.
You hit the jackal. Your kick misses the jackal.
The jackal is heavily wounded.
The jackal closely misses you. The jackal barely misses you.
You hit the jackal.
You kill the jackal!
No target in view!
No target in view!
No target in view!
u - a murky pink potion
Found a stone staircase leading down.
A steam dragon comes into view.
Found 5 gold pieces.
The steam dragon breathes steam at you. The ball of steam misses you.
You hear an angry hiss.
You hear a shout!
You hit the steam dragon. Your peck misses the steam dragon.
The steam dragon is lightly wounded.
You are engulfed in a cloud of scalding steam.
The steam dragon bites you! The steam dragon closely misses you.
You hit the steam dragon. Your peck misses the steam dragon.
The steam dragon is moderately wounded.
The steam dragon breathes steam at you. The ball of steam hits you!!
Ouch! That really hurt!
You die...

.. .# #. .# #.# .# #.#
.# # ###>##.###.##
#....D.......
#....@....$..
#....§####.## ######
#.....#
.....#######..§..####.#
..##.##........§§§....#
#.##...........########
#.#...#.######.#
#.......# #.# ###...###
#.#


You could see a steam dragon (catching breath).

Vanquished Creatures
  Jessica (D:2)
  5 adders
  2 worms (D:3)
  A dart slug (D:3)
  An orc (D:3)
  10 ball pythons
  6 endoplasms
  10 goblins
  9 hobgoblins
  13 jackals
  8 kobolds
  A quokka (D:1)
  5 bats
  5 frilled lizards
  4 rats
81 creatures vanquished.

Notes
Turn   | Place    | Note
-------+----------+-------------------------------------------
     0 | D:1      | Kurtz the Tengu Fighter began the quest for the Orb.
     0 | D:1      | Reached XP level 1. HP: 14/14 MP: 2/2
    73 | D:1      | Reached skill level 3 in Axes
    73 | D:1      | Reached XP level 2. HP: 19/19 MP: 3/3
   256 | D:1      | Reached XP level 3. HP: 19/23 MP: 4/4
   635 | D:2      | Reached skill level 4 in Axes
   712 | D:2      | Noticed Jessica
   726 | D:2      | Killed Jessica
   727 | D:2      | Reached XP level 4. HP: 26/28 MP: 5/5
   904 | D:2      | Reached skill level 5 in Axes
  1237 | D:3      | Found a burning altar of Makhleb.
  1289 | D:3      | Gained mutation: Your magical nature lets you fly swiftly
                  | and evasively. [Tengu growth]
  1289 | D:3      | Reached XP level 5. HP: 28/32 MP: 6/6
  1540 | D:3      | Reached skill level 6 in Axes
  1822 | D:4      | Noticed a steam dragon
  1827 | D:4      | Killed from afar by a steam dragon

Illustrated notes

Levels and vault maps discovered:
D:1:      dpeg_arrival_yet_another_circle, layout_rooms, minmay_crystal_water
D:2:      layout_rooms, bh_walls_and_bars, uniq_jessica
D:3:      layout_loops_ring, lemuel_crystal_altar, minmay_mini_jars
D:4:      layout_loops_ring

Skill      XL: |  1  2  3  4  5 |
---------------+----------------+-----
Axes           | 3 4 5 6 |  6.1
Fighting       | |  3.0
Armour         | |  3.2
Shields        | |  3.0

Action                     |  1- 3 |  4- 6 || total
---------------------------+-------+-------++-------
  Melee: War axe           |    55 |   101 ||   156
         Kick              |    10 |    18 ||    28
         Peck              |     5 |    13 ||    18
 Armour: Scale mail        |    36 |    41 ||    77
  Dodge: Dodged            |    20 |    49 ||    69
  Block: Buckler           |    14 |    25 ||    39
